Map: Korhal Carnage Knockout LE

Players

Blechfaust - Winner!

  • Race: Terran Terran
  • League: Gold

Destol

  • Race: Protoss Protoss
  • League: Platinum

VOD

Have the link to the VOD?

Description

Time

  • Played on: April 9, 2016, 3:22 p.m.
  • Length: 8:59
Show
View Real Time Build Order
Export as new Build Order

Blechfaust Terran - Winner!

Build Orders: MMM Bio 

Get SALT Encoding   

  12  0:00  SCV  
  13  0:12  SCV  
  14  0:17  Supply Depot  
  14  0:25  SCV  
  15  0:39  Barracks, SCV  
  16  0:45  Refinery  
  16  0:51  SCV  
  17  1:03  SCV  
  18  1:06  Barracks  
  18  1:26  Marine  
  18  1:28  Supply Depot  
  18  1:37  Orbital Command  
  18  1:44  Refinery  
  18  1:54  Barracks Reactor  
  18  1:55  Barracks Tech Lab  
  18  2:08  Engineering Bay  
  18  2:12  SCV  
  19  2:17  Marine  
  20  2:24  SCV  
  21  2:31  Stimpack  
  21  2:33  Marine  
  21  2:34  Marine  
  23  2:40  Supply Depot  
  23  2:47  Terran Infantry Weapons Level 1  
  23  2:52  Marauder  
  23  2:55  SCV  
  26  3:06  Supply Depot  
  26  3:07  SCV  
  26  3:08  Marine  
  26  3:09  Marine  
  29  3:18  Marauder  
  31  3:22  SCV  
  32  3:28  Supply Depot  
  32  3:33  Marine x2  
  34  3:39  Marauder  
  34  3:40  SCV  
  37  3:50  Factory  
  37  3:55  Marine x2  
  39  4:04  Marauder  
  41  4:15  Missile Turret  
  42  4:23  Marine x2  
  43  4:32  Combat Shields  
  43  4:35  Starport  
  43  4:41  Supply Depot  
  43  4:42  Marine x2  
  43  4:43  Marauder  
  47  4:55  Terran Infantry Armor Level 1  
  47  5:00  Marine x2  
  47  5:05  Marauder  
  51  5:11  Medivac  
  53  5:17  Marine, Supply Depot  
  53  5:18  Marine  
  55  5:26  Marauder  
  57  5:35  Marine x2  
  57  5:41  Medivac  
  61  5:47  Marauder  
  63  5:51  Supply Depot  
  63  5:53  Marine x2, Concussive Shells  
  65  6:09  Marauder  
  65  6:11  Marine x2, Medivac  
  71  6:28  Supply Depot  
  71  6:29  Marine x2  
  71  6:30  Marauder  
  75  6:40  Medivac  
  75  6:46  Marine  
  75  6:47  Marine  
  75  6:51  Marauder  
  79  7:04  Marine x2  
  78  7:11  Medivac  
  78  7:13  Marauder  
  79  7:25  Marine x2  
  71  7:34  Marine  
  71  7:41  Medivac  
  71  7:43  Marine x2  
  64  7:52  Marauder  
  66  8:01  Marine x2  
  68  8:11  Medivac  
  70  8:13  Marine  
  70  8:18  Marine  
  70  8:19  Marine  
  70  8:31  Marauder  
  69  8:36  Marine x2  
Show
View Real Time Build Order
Export as new Build Order

Destol Protoss 

Build Orders:  

Get SALT Encoding   

  12  0:01  Probe (Chrono Boost)  
  13  0:13  Pylon  
  13  0:17  Probe (Chrono Boost)  
  14  0:28  Probe (Chrono Boost)  
  15  0:33  Gateway  
  15  0:38  Probe (Chrono Boost)  
  16  0:49  Probe (Chrono Boost)  
  17  0:50  Assimilator  
  17  0:59  Probe (Chrono Boost)  
  17  1:02  Gateway  
  18  1:09  Assimilator  
  18  1:10  Probe (Chrono Boost)  
  19  1:21  Probe (Chrono Boost)  
  20  1:37  Probe (Chrono Boost)  
  21  1:41  Cybernetics Core  
  21  1:46  Pylon  
  21  1:48  Probe (Chrono Boost)  
  22  2:05  Probe (Chrono Boost)  
  23  2:22  Nexus  
  23  2:25  Adept x2  
  23  2:27  Warp Gate (Chrono Boost)  
  27  2:35  Mothership Core (Chrono Boost)  
  29  2:41  Pylon  
  29  2:59  Adept x2  
  33  3:13  Pylon  
  34  3:27  Probe, Pylon  
  34  3:43  Stargate  
  34  3:44  Probe  
  35  3:58  Probe  
  35  3:59  Probe  
  37  4:03  Assimilator  
  37  4:07  Assimilator  
  37  4:09  Probe  
  37  4:12  Probe  
  37  4:15  Robotics Facility  
  39  4:19  Probe  
  39  4:24  Probe  
  41  4:25  Pylon  
  41  4:30  Stalker x2, Probe  
  45  4:37  Oracle (Chrono Boost)  
  49  4:42  Forge  
  49  4:47  Probe  
  49  4:48  Probe  
  51  4:58  Probe  
  52  5:01  Probe  
  52  5:02  Twilight Council  
  52  5:04  Observer (Chrono Boost)  
  54  5:08  Probe  
  54  5:10  Pylon  
  55  5:28  Oracle (Chrono Boost)  
  58  5:32  Probe  
  58  5:33  Stalker x2, Probe  
  64  5:41  Gateway  
  64  5:43  Probe  
  64  5:46  Probe  
  66  5:53  Probe  
  66  5:55  Resonating Glaives (Chrono Boost)  
  67  5:58  Probe  
  67  6:04  Probe, Pylon  
  68  6:11  Pylon  
  69  6:23  Protoss Ground Weapons Level 1 (Chrono Boost)  
  69  6:30  Immortal (Chrono Boost)  
  73  6:35  Templar Archives  
  73  6:36  Pylon  
  73  6:48  Stalker x2  
  77  7:06  Immortal  
  81  7:12  Adept  
  81  7:13  Adept x2  
  65  7:34  Adept x3  
  50  7:48  Mothership Core (Chrono Boost)  
  47  7:56  Adept x2  
  38  7:59  Immortal (Chrono Boost)  
  40  8:10  Gateway  
  40  8:11  Gateway  
  39  8:14  Gateway  
  39  8:17  Adept x2  
  28  8:42  Adept x2  
Tags
 
Add a new tag
Caveats
  • Supply blocks, unpowered buildings, or Contaminate may cause inaccurate times.
  • Supply counts are checked every 10 seconds.